Rangers vs Flames (R2)

Created - May 22, 2020 at 19:44

Goals
1 2 3 T
Rangers 1 2 2 5
Flames 1 1 1 3
Shots
1 2 3 T
Rangers 9 14 9 32
Flames 8 15 6 29

1st period

1. Rangers , Luke Schenn 2 (Milan Lucic 6, Patrice Bergeron 6) at 9:41 (PP)
2. Flames , Patrik Berglund 2 (David Backes 3, Brad Marchand 3) at 17:32

Penalties :
Chris Bourque (NYR) for Holding Stick (Minor) at 4:38, Erik Johnson (Cal) for High sticking (Minor) at 9:05, Cam Barker (NYR) for Roughing (Minor) at 10:00, Steve Quailer (NYR) for Hooking (Minor) at 18:42

2nd period

3. Rangers , Sean Couturier 3 (James Neal 3) at 10:52
4. Flames , Alexander Radulov 2 (Steve Eminger 2, Eric Staal 2) at 14:53
5. Rangers , Sean Couturier 4 (Jakob Silfverberg 6) at 19:27

Penalties :
Kyle Palmieri (Cal) for Interference (Minor) at 4:44, Kyle Okposo (NYR) for Hooking (Minor) at 4:50, Cam Barker (NYR) for Roughing (Minor) at 11:16, Sean Couturier (NYR) for Hooking (Minor) at 17:03, Alexander Semin (Cal) for Hooking (Minor) at 17:11

3rd period

6. Rangers , Patrice Bergeron 2 (Milan Lucic 7) at 7:46 (SH)
7. Rangers , Jakob Silfverberg 4 (Milan Lucic 8, Patrice Bergeron 7) at 14:56 (PP)
8. Flames , Eric Staal 3 (Alexander Semin 4, Alexander Radulov 2) at 17:34

Penalties :
Colby Robak (Cal) for Hooking (Minor) at 2:48, Sean Couturier (NYR) for Slashing (Minor) at 7:33, Colby Robak (Cal) for Interference (Minor) at 14:53

Goalie Stats

Frederik Andersen (NYR), 26 saves from 29 shots - (0.897), W, 4-3-0, 60:00 minutes
Pekka Rinne (Cal), 27 saves from 32 shots - (0.844), L, 3-1-0, 60:00 minutes

Players Stats for Rangers

Player Name              G  A  P  +/- PIM S  H  SB GA TA FO     MP     PP MP  PK MP  
------------------------------------------------------------------------------------
Cam Barker               0  0  0   0  4   2  3  3  1  1  0/0    25:36   1:42   3:59 
Chris Bourque            0  0  0   0  2   1  1  0  0  0  0/0    11:18   0:06   0:50 
Colten Teubert           0  0  0  -1  0   1  0  2  0  1  0/0    12:18   0:00   0:00 
Jakob Silfverberg        1  1  2  -1  0   4  2  0  1  1  0/1    19:17   1:48   3:00 
James Neal               0  1  1   0  0   6  1  0  0  0  0/0    12:56   0:58   0:00 
Kyle Okposo              0  0  0   1  2   3  0  0  1  0  1/1    17:36   1:05   3:00 
Luke Schenn              1  0  1   0  0   1  1  3  1  2  0/0    27:11   1:42   6:08 
Magnus Paajarvi-Svensson 0  0  0   0  0   0  1  1  0  0  0/0     7:36   0:00   0:26 
Mark Fistric             0  0  0   1  0   1  2  2  1  0  0/0    20:40   1:10   4:17 
Matt Greene              0  0  0   1  0   1  2  1  0  1  0/0    20:24   1:10   4:01 
Matt Read                0  0  0   0  0   0  0  0  1  1  1/1     9:54   0:06   0:00 
Maxime Sauvé             0  0  0   0  0   1  0  0  0  0  0/0     6:56   0:00   0:00 
Milan Lucic              0  3  3  -1  0   1  0  0  1  0  5/11   23:44   1:40   5:38 
Patrice Bergeron         1  2  3  -1  0   2  2  0  1  1  15/25  23:29   1:40   5:44 
Patrik Nemeth            0  0  0  -1  0   2  0  4  0  0  0/0    14:01   0:00   1:53 
Sean Couturier           2  0  2   1  4   4  1  0  0  1  4/9    13:38   1:06   0:00 
Steve Quailer            0  0  0   0  2   1  1  0  0  0  0/0     9:49   0:06   1:40 
Tomas Hertl              0  0  0   0  0   1  0  0  0  0  2/6     9:37   0:00   0:00 

Players Stats for Flames

Player Name              G  A  P  +/- PIM S  H  SB GA TA FO     MP     PP MP  PK MP  
------------------------------------------------------------------------------------
Alexander Radulov        1  1  2   1  0   2  1  0  0  1  0/2    18:57   5:12   0:00 
Alexander Semin          0  1  1   0  2   4  0  0  1  0  1/2    20:45   5:19   0:05 
Brad Marchand            0  1  1   1  0   3  2  0  4  0  1/2    17:54   4:46   1:22 
Brendan Mikkelson        0  0  0  -1  0   0  0  0  0  0  0/0    12:18   0:00   1:04 
Colby Robak              0  0  0  -1  4   0  0  0  0  1  0/0    16:06   4:12   0:00 
Colin Wilson             0  0  0  -1  0   3  1  0  0  0  3/3    11:27   0:11   0:00 
David Backes             0  1  1   1  0   1  2  0  0  0  1/1    16:05   4:46   1:17 
David Ullstrom           0  0  0  -1  0   1  1  0  0  2  1/2    10:07   0:11   0:08 
Derek Meech              0  0  0   3  0   2  2  1  1  0  0/0    20:54   4:12   1:40 
Eric Staal               1  1  2   1  0   2  2  0  2  0  14/32  21:29   5:12   0:05 
Erik Johnson             0  0  0  -2  2   2  2  0  0  2  0/0    27:55   5:57   1:12 
Kyle Palmieri            0  0  0   0  2   1  3  0  0  0  0/0     8:24   0:03   0:00 
Mikhail Grabovski        0  0  0   0  0   0  2  0  0  0  1/3    10:04   0:00   1:22 
Patrik Berglund          1  0  1   1  0   2  2  0  0  0  4/7    15:47   4:46   1:17 
Peter Prucha             0  0  0  -1  0   2  2  1  1  0  0/0    10:34   0:00   0:00 
Sami Vatanen             0  0  0  -2  0   1  3  0  0  0  0/0    26:16   5:57   0:08 
Steve Eminger            0  1  1   3  0   3  3  3  0  1  0/0    16:42   0:00   1:40 
Steve Regier             0  0  0  -2  0   0  3  0  0  1  0/0    11:35   0:00   0:08 

3 Stars

1 - Patrice Bergeron (NYR)
2 - Eric Staal (Cal)
3 - Sean Couturier (NYR)

Power Play

Rangers - 2 on 5 Attempt(s) - 40.00%
Flames - 0 on 7 Attempt(s) - 0.00%

Penalty Kill

Rangers - 7 on 7 Attempt(s) - 100.00% - Score 1 goal in Penalty Kill
Flames - 3 on 5 Attempt(s) - 60.00% - Score 0 goal in Penalty Kill

Team Stat

Rangers - Hits : 17 - Faceoff Wins : 28 - Blocked Shots : 16 - Penalty Minutes : 14
Flames - Hits : 31 - Faceoff Wins : 26 - Blocked Shots : 5 - Penalty Minutes : 10

Official

Referees : Unknown
Linesman : Unknown

Game Notes

No Game Note

Finance

Level 1 -- Attendance: 5027 (83.78%) -- Ticket Income $557,997
Level 2 -- Attendance: 4110 (82.20%) -- Ticket Income $291,810
Level 3 -- Attendance: 1925 (96.25%) -- Ticket Income $88,550
Level 4 -- Attendance: 3696 (92.40%) -- Ticket Income $114,576
Luxury Box -- Attendance: 885 (88.50%) -- Ticket Income $173,460
Game was played at the Metal Center.
Total Attendance: 15643 (86.91%)
Total Ticket Income: $1,226,393
Other Income: $183,959
Total Income: $1,410,352

Rangers

5 vs 5 Forward 
   Center                   Left Wing                Right Wing               Time % Phy DF OF 
 1 Patrice Bergeron         Milan Lucic              Jakob Silfverberg        40     1   2  2  
 2 Sean Couturier           James Neal               Kyle Okposo              30     1   2  2  
 3 Tomas Hertl              Chris Bourque            Matt Read                20     1   2  2  
 4 Maxime Sauvé             Magnus Paajarvi-Svensson Steve Quailer            10     1   2  2  

5 vs 5 Defense 
   Defense                  Defense                                           Time % Phy DF OF 
 1 Cam Barker               Luke Schenn                                       40     1   2  2  
 2 Mark Fistric             Matt Greene                                       30     1   2  2  
 3 Colten Teubert           Patrik Nemeth                                     20     1   2  2  
 4 Cam Barker               Luke Schenn                                       10     1   2  2  

PowerPlay Forward 
   Center                   Left Wing                Right Wing               Time % Phy DF OF 
 1 Patrice Bergeron         Milan Lucic              Jakob Silfverberg        60     1   2  2  
 2 Sean Couturier           James Neal               Kyle Okposo              40     1   2  2  

PowerPlay Defense
   Defense                  Defense                                           Time % Phy DF OF 
 1 Cam Barker               Luke Schenn                                       60     1   2  2  
 2 Mark Fistric             Matt Greene                                       40     1   2  2  

Penalty Kill 4 Players Forward 
   Center                   Wing                     Time % Phy DF OF 
 1 Milan Lucic              Patrice Bergeron         60     1   2  2  
 2 Jakob Silfverberg        Kyle Okposo              40     1   2  2  

Penalty Kill 4 Players Defense
   Defense                  Defense                  Time % Phy DF OF 
 1 Cam Barker               Luke Schenn              60     1   2  2  
 2 Mark Fistric             Matt Greene              40     1   2  2  

Penalty Kill - 3 Players Forward 
   Forward                                           Time % Phy DF OF 
 1 Milan Lucic                                       60     1   2  2  
 2 Patrice Bergeron                                  40     1   2  2  

Penalty Kill - 3 Players Defense
   Defense                  Defense                  Time % Phy DF OF 
 1 Cam Barker               Luke Schenn              60     1   2  2  
 2 Mark Fistric             Matt Greene              40     1   2  2  

4 vs 4 Forward 
   Center                   Wing                     Time % Phy DF OF 
 1 Milan Lucic              Patrice Bergeron         60     1   2  2  
 2 Jakob Silfverberg        Kyle Okposo              40     1   2  2  

4 vs 4 Defense
   Defense                  Defense                  Time % Phy DF OF 
 1 Cam Barker               Luke Schenn              60     1   2  2  
 2 Mark Fistric             Matt Greene              40     1   2  2  

Last Minutes Offensive
   Center                   Left Wing                Right Wing               Defense                  Defense                  
   Patrice Bergeron         Milan Lucic              Jakob Silfverberg        Cam Barker               Luke Schenn              

Last Minutes Defensive
   Center                   Left Wing                Right Wing               Defense                  Defense                  
   Patrice Bergeron         Milan Lucic              Jakob Silfverberg        Cam Barker               Luke Schenn              

Goaltenders
Starting : Frederik Andersen        
Backup : Mike Condon              

Extra Forwards
Normal : Matt Read, Chris Bourque, Steve Quailer - PP : Matt Read, Chris Bourque - PK : Steve Quailer
Extra Defensemen
Normal : Colten Teubert, Patrik Nemeth, Mark Fistric - PP : Colten Teubert - PK : Patrik Nemeth, Mark Fistric
Penalty Shots
Milan Lucic, Patrice Bergeron, Jakob Silfverberg, Kyle Okposo, James Neal

Scratches
Alexei Emelin (Healthy)

Flames

5 vs 5 Forward 
   Center                   Left Wing                Right Wing               Time % Phy DF OF 
 1 Eric Staal               Alexander Semin          Alexander Radulov        40     1   2  2  
 2 Patrik Berglund          Brad Marchand            David Backes             33     2   2  1  
 3 Colin Wilson             Steve Regier             Peter Prucha             19     2   2  1  
 4 Mikhail Grabovski        David Ullstrom           Kyle Palmieri            8      2   2  1  

5 vs 5 Defense 
   Defense                  Defense                                           Time % Phy DF OF 
 1 Erik Johnson             Sami Vatanen                                      38     1   2  2  
 2 Derek Meech              Steve Eminger                                     29     2   2  1  
 3 Brendan Mikkelson        Colby Robak                                       23     2   2  1  
 4 Erik Johnson             Steve Eminger                                     10     2   2  1  

PowerPlay Forward 
   Center                   Left Wing                Right Wing               Time % Phy DF OF 
 1 Eric Staal               Alexander Semin          Alexander Radulov        60     1   2  2  
 2 Patrik Berglund          Brad Marchand            David Backes             40     1   2  2  

PowerPlay Defense
   Defense                  Defense                                           Time % Phy DF OF 
 1 Erik Johnson             Sami Vatanen                                      60     1   2  2  
 2 Derek Meech              Colby Robak                                       40     1   2  2  

Penalty Kill 4 Players Forward 
   Center                   Wing                     Time % Phy DF OF 
 1 Patrik Berglund          David Backes             50     1   4  0  
 2 Mikhail Grabovski        Brad Marchand            50     1   4  0  

Penalty Kill 4 Players Defense
   Defense                  Defense                  Time % Phy DF OF 
 1 Derek Meech              Steve Eminger            58     1   4  0  
 2 Erik Johnson             Brendan Mikkelson        42     1   4  0  

Penalty Kill - 3 Players Forward 
   Forward                                           Time % Phy DF OF 
 1 Eric Staal                                        50     1   4  0  
 2 Brad Marchand                                     50     1   4  0  

Penalty Kill - 3 Players Defense
   Defense                  Defense                  Time % Phy DF OF 
 1 Derek Meech              Steve Eminger            58     1   4  0  
 2 Erik Johnson             Brendan Mikkelson        42     1   4  0  

4 vs 4 Forward 
   Center                   Wing                     Time % Phy DF OF 
 1 Eric Staal               Alexander Semin          60     2   2  1  
 2 Colin Wilson             Brad Marchand            40     2   2  1  

4 vs 4 Defense
   Defense                  Defense                  Time % Phy DF OF 
 1 Erik Johnson             Sami Vatanen             60     2   2  1  
 2 Derek Meech              Colby Robak              40     2   2  1  

Last Minutes Offensive
   Center                   Left Wing                Right Wing               Defense                  Defense                  
   Eric Staal               Alexander Semin          Alexander Radulov        Erik Johnson             Sami Vatanen             

Last Minutes Defensive
   Center                   Left Wing                Right Wing               Defense                  Defense                  
   Eric Staal               Alexander Semin          David Backes             Erik Johnson             Sami Vatanen             

Goaltenders
Starting : Pekka Rinne              
Backup : Jonas Gustavsson         

Extra Forwards
Normal : Brad Marchand, Alexander Semin, David Ullstrom - PP : David Ullstrom, Colin Wilson - PK : Brad Marchand
Extra Defensemen
Normal : Sami Vatanen, Steve Eminger, Colby Robak - PP : Sami Vatanen - PK : Erik Johnson, Colby Robak
Penalty Shots
Eric Staal, Alexander Semin, David Backes, Brad Marchand, Patrik Berglund

Scratches
Tim Ramholt (Sprained Right Ankle Injury)

% Time on Ice - Rangers

Lines # - Real PCT - Wanted PCT - Time Play
Normal Forward
1 - 35% - 40% - 15:21
2 - 29% - 30% - 12:20
3 - 20% - 20% - 8:38
4 - 16% - 10% - 6:56
Normal Defense
1 - 39% - 40% - 16:46
2 - 32% - 30% - 13:40
3 - 28% - 20% - 12:18
4 - 1% - 10% - 0:31
PP Forward
1 - 62% - 60% - 1:46
2 - 38% - 40% - 1:06
PP Defense
1 - 59% - 60% - 1:42
2 - 41% - 40% - 1:10
PK Forward
1 - 70% - 60% - 7:09
2 - 30% - 40% - 3:00
PK Defense
1 - 67% - 60% - 6:48
2 - 33% - 40% - 3:21
PK3 Forward
1 - 0% - 60%
2 - 0% - 40%
PK3 Defense
1 - 0% - 60%
2 - 0% - 40%
44 Forward
1 - 77% - 60% - 2:52
2 - 23% - 40% - 0:52
44 Defense
1 - 68% - 60% - 2:33
2 - 32% - 40% - 1:11
Last Minute Offensive  - 0:00
Last Minute Defensive  - 0:00
Total
Forward - 60:00
Defense - 60:00

% Time on Ice - Flames

Lines # - Real PCT - Wanted PCT - Time Play
Normal Forward
1 - 33% - 40% - 14:27
2 - 23% - 33% - 9:52
3 - 24% - 19% - 10:34
4 - 19% - 8% - 8:22
Normal Defense
1 - 41% - 38% - 17:31
2 - 32% - 29% - 13:41
3 - 24% - 23% - 10:24
4 - 4% - 10% - 1:39
PP Forward
1 - 53% - 60% - 5:23
2 - 47% - 40% - 4:46
PP Defense
1 - 59% - 60% - 5:57
2 - 41% - 40% - 4:12
PK Forward
1 - 49% - 50% - 1:25
2 - 51% - 50% - 1:27
PK Defense
1 - 63% - 58% - 1:48
2 - 37% - 42% - 1:04
PK3 Forward
1 - 0% - 50%
2 - 0% - 50%
PK3 Defense
1 - 0% - 58%
2 - 0% - 42%
44 Forward
1 - 89% - 60% - 3:19
2 - 11% - 40% - 0:25
44 Defense
1 - 65% - 60% - 2:25
2 - 35% - 40% - 1:19
Last Minute Offensive  - 0:00
Last Minute Defensive  - 0:00
Total
Forward - 60:00
Defense - 60:00

Play-by-Play

1st period


0:01 of 1st period - Patrice Bergeron wins face-off versus Eric Staal in neutral zone.
0:04 of 1st period - Alexander Radulov is hit by Luke Schenn and loses puck.
1:13 of 1st period - Derek Meech is hit by Magnus Paajarvi-Svensson and loses puck.
1:20 of 1st period - Snap shot by Maxime Sauvé.
1:20 of 1st period - Shot Blocked by Steve Eminger.
1:22 of 1st period - Slapshot by Matt Greene.
1:22 of 1st period - Stopped by Pekka Rinne with a rebound.
2:00 of 1st period - Snap shot by Patrik Berglund.
2:00 of 1st period - Deflect By Brad Marchand.
2:00 of 1st period - Stopped by Frederik Andersen with a rebound.
2:02 of 1st period - Slapshot by Brad Marchand.
2:02 of 1st period - Stopped by Frederik Andersen without a rebound.
2:03 of 1st period - Tomas Hertl wins face-off versus Eric Staal in Rangers zone.
2:19 of 1st period - Snap shot by Eric Staal.
2:19 of 1st period - Shot Blocked by Colten Teubert.
3:21 of 1st period - Snap shot by Kyle Palmieri.
3:21 of 1st period - Shot Blocked by Cam Barker.
4:13 of 1st period - Snap shot by David Backes.
4:13 of 1st period - Shot Blocked by Matt Greene.
4:38 of 1st period - Minor Penalty to Chris Bourque for Holding Stick.
4:39 of 1st period - Eric Staal wins face-off versus Milan Lucic in Rangers zone.
4:40 of 1st period - Snap shot by Alexander Radulov.
4:40 of 1st period - Shot Blocked by Luke Schenn.
6:38 of 1st period - Penalty to Chris Bourque is over, Chris Bourque is back on ice.
7:15 of 1st period - Matt Greene is hit by Steve Eminger and loses puck.
7:30 of 1st period - Mark Fistric is hit by Erik Johnson and loses puck.
7:54 of 1st period - Jakob Silfverberg is hit by Brad Marchand and loses puck.
8:05 of 1st period - Jakob Silfverberg is hit by Kyle Palmieri.
8:11 of 1st period - Icing by Erik Johnson.
8:12 of 1st period - Kyle Okposo wins face-off versus David Ullstrom in Flames zone.
8:15 of 1st period - Snap shot by James Neal.
8:15 of 1st period - Stopped by Pekka Rinne with a rebound.
8:17 of 1st period - Snap shot by Patrik Nemeth.
8:17 of 1st period - Shot Misses the Net.
8:19 of 1st period - Slapshot by Colten Teubert.
8:19 of 1st period - Stopped by Pekka Rinne with a rebound.
8:21 of 1st period - Wrist shot by Patrik Nemeth.
8:21 of 1st period - Stopped by Pekka Rinne without a rebound.
8:22 of 1st period - Sean Couturier wins face-off versus Eric Staal in Flames zone.
8:23 of 1st period - Slapshot by Kyle Okposo.
8:23 of 1st period - Stopped by Pekka Rinne with a rebound.
9:01 of 1st period - Slapshot by Sean Couturier.
9:01 of 1st period - Stopped by Pekka Rinne without a rebound.
9:02 of 1st period - Eric Staal wins face-off versus Patrice Bergeron in Flames zone.
9:02 of 1st period - Eric Staal is hit by Cam Barker.
9:05 of 1st period - Minor Penalty to Erik Johnson for High sticking.
9:06 of 1st period - Patrice Bergeron wins face-off versus Patrik Berglund in Flames zone.
9:06 of 1st period - Wrist shot by Milan Lucic.
9:06 of 1st period - Shot Misses the Net.
9:13 of 1st period - Icing by Jakob Silfverberg.
9:14 of 1st period - Patrice Bergeron wins face-off versus Mikhail Grabovski in Rangers zone.
9:39 of 1st period - Snap shot by Milan Lucic.
9:39 of 1st period - Shot Blocked by Derek Meech.
9:41 of 1st period - Wrist shot by Luke Schenn.
9:41 of 1st period - Goal by Luke Schenn - Rangers : 1 - Flames : 0.
9:42 of 1st period - Patrice Bergeron wins face-off versus Eric Staal in neutral zone.
9:57 of 1st period - Wrist shot by Alexander Semin.
9:57 of 1st period - Stopped by Frederik Andersen without a rebound.
9:58 of 1st period - Tomas Hertl wins face-off versus Brad Marchand in Rangers zone.
10:00 of 1st period - Minor Penalty to Cam Barker for Roughing.
10:01 of 1st period - Eric Staal wins face-off versus Milan Lucic in Rangers zone.
10:27 of 1st period - Sami Vatanen is hit by Jakob Silfverberg and loses puck.
12:00 of 1st period - Penalty to Cam Barker is over, Cam Barker is back on ice.
12:07 of 1st period - Cam Barker is hit by Peter Prucha and loses puck.
13:29 of 1st period - Mark Fistric is hit by Steve Eminger and loses puck.
13:49 of 1st period - Sami Vatanen is hit by Jakob Silfverberg and loses puck.
15:08 of 1st period - Wrist shot by Alexander Semin.
15:08 of 1st period - Stopped by Frederik Andersen with a rebound.
15:10 of 1st period - Snap shot by Eric Staal.
15:10 of 1st period - Stopped by Frederik Andersen with a rebound.
15:12 of 1st period - Snap shot by Alexander Radulov.
15:12 of 1st period - Deflect By Alexander Semin.
15:12 of 1st period - Shot Misses the Net.
15:12 of 1st period - Puck is out of play.
15:13 of 1st period - Brad Marchand wins face-off versus Patrice Bergeron in Rangers zone.
15:22 of 1st period - Wrist shot by Patrik Berglund.
15:22 of 1st period - Stopped by Frederik Andersen with a rebound.
15:48 of 1st period - Wrist shot by James Neal.
15:48 of 1st period - Shot Misses the Net.
16:00 of 1st period - Sami Vatanen is hit by Mark Fistric and loses puck.
16:19 of 1st period - Erik Johnson is hit by Cam Barker and loses puck.
17:12 of 1st period - Off-side.
17:13 of 1st period - Sean Couturier wins face-off versus Patrik Berglund in neutral zone.
17:16 of 1st period - Snap shot by Mark Fistric.
17:16 of 1st period - Stopped by Pekka Rinne without a rebound.
17:17 of 1st period - Sean Couturier wins face-off versus Patrik Berglund in Flames zone.
17:18 of 1st period - Snap shot by Kyle Okposo.
17:18 of 1st period - Stopped by Pekka Rinne with a rebound.
17:30 of 1st period - Snap shot by David Backes.
17:30 of 1st period - Stopped by Frederik Andersen with a rebound.
17:32 of 1st period - Wrist shot by Patrik Berglund.
17:32 of 1st period - Deflect By James Neal.
17:32 of 1st period - Goal by Patrik Berglund - Rangers : 1 - Flames : 1.
17:33 of 1st period - Patrice Bergeron wins face-off versus Eric Staal in neutral zone.
18:42 of 1st period - Minor Penalty to Steve Quailer for Hooking.
18:43 of 1st period - Alexander Semin wins face-off versus Milan Lucic in Rangers zone.
18:47 of 1st period - Slapshot by Eric Staal.
18:47 of 1st period - Shot Misses the Net.
19:15 of 1st period - Cam Barker is hit by Brad Marchand and loses puck.
19:46 of 1st period - Mark Fistric is hit by Derek Meech and loses puck.
Goals for this period are 1 for Rangers vs 1 for Flames.
Shots for this period are 9 for Rangers vs 8 for Flames.

2nd period


0:01 of 2nd period - Eric Staal wins face-off versus Milan Lucic in neutral zone.
0:04 of 2nd period - Luke Schenn is hit by Erik Johnson and loses puck.
0:11 of 2nd period - Snap shot by Alexander Semin.
0:11 of 2nd period - Shot Misses the Net.
0:13 of 2nd period - Snap shot by Alexander Semin.
0:13 of 2nd period - Stopped by Frederik Andersen with a rebound.
0:15 of 2nd period - Snap shot by Alexander Radulov.
0:15 of 2nd period - Shot Misses the Net.
0:17 of 2nd period - Snap shot by Alexander Semin.
0:17 of 2nd period - Shot Misses the Net.
0:27 of 2nd period - Luke Schenn is hit by David Backes and loses puck.
0:32 of 2nd period - Slapshot by Brad Marchand.
0:32 of 2nd period - Stopped by Frederik Andersen with a rebound.
0:34 of 2nd period - Wrist shot by David Backes.
0:34 of 2nd period - Shot Misses the Net.
0:36 of 2nd period - Wrist shot by David Backes.
0:36 of 2nd period - Shot Misses the Net.
0:38 of 2nd period - Slapshot by Colby Robak.
0:38 of 2nd period - Shot Misses the Net.
0:42 of 2nd period - Penalty to Steve Quailer is over, Steve Quailer is back on ice.
0:59 of 2nd period - Wrist shot by Kyle Okposo.
0:59 of 2nd period - Stopped by Pekka Rinne without a rebound.
1:00 of 2nd period - Eric Staal wins face-off versus Tomas Hertl in Flames zone.
1:22 of 2nd period - Icing by Eric Staal.
1:23 of 2nd period - Patrik Berglund wins face-off versus Sean Couturier in Flames zone.
1:23 of 2nd period - David Backes is hit by Sean Couturier and loses puck.
1:36 of 2nd period - Snap shot by Sean Couturier.
1:36 of 2nd period - Stopped by Pekka Rinne with a rebound.
1:38 of 2nd period - Wrist shot by James Neal.
1:38 of 2nd period - Stopped by Pekka Rinne with a rebound.
2:22 of 2nd period - Slapshot by Sami Vatanen.
2:22 of 2nd period - Stopped by Frederik Andersen with a rebound.
2:34 of 2nd period - Snap shot by James Neal.
2:34 of 2nd period - Stopped by Pekka Rinne with a rebound.
2:36 of 2nd period - Wrist shot by Kyle Okposo.
2:36 of 2nd period - Shot Misses the Net.
2:44 of 2nd period - Colten Teubert is hit by David Ullstrom and loses puck.
3:16 of 2nd period - Wrist shot by David Ullstrom.
3:16 of 2nd period - Shot Misses the Net.
3:18 of 2nd period - Snap shot by Steve Eminger.
3:18 of 2nd period - Shot Misses the Net.
3:20 of 2nd period - Slapshot by Steve Eminger.
3:20 of 2nd period - Shot Blocked by Patrik Nemeth.
3:22 of 2nd period - Snap shot by Mikhail Grabovski.
3:22 of 2nd period - Shot Misses the Net.
3:24 of 2nd period - Snap shot by David Ullstrom.
3:24 of 2nd period - Stopped by Frederik Andersen with a rebound.
3:26 of 2nd period - Snap shot by Steve Eminger.
3:26 of 2nd period - Shot Blocked by Colten Teubert.
3:28 of 2nd period - Snap shot by Mikhail Grabovski.
3:28 of 2nd period - Shot Blocked by Patrik Nemeth.
3:30 of 2nd period - Snap shot by David Ullstrom.
3:30 of 2nd period - Shot Blocked by Patrik Nemeth.
3:32 of 2nd period - Snap shot by Mikhail Grabovski.
3:32 of 2nd period - Shot Misses the Net.
3:34 of 2nd period - Slapshot by Steve Eminger.
3:34 of 2nd period - Stopped by Frederik Andersen with a rebound.
3:36 of 2nd period - Slapshot by Derek Meech.
3:36 of 2nd period - Deflect By Milan Lucic.
3:36 of 2nd period - Stopped by Frederik Andersen with a rebound.
3:38 of 2nd period - Slapshot by Steve Eminger.
3:38 of 2nd period - Deflect By Milan Lucic.
3:38 of 2nd period - Stopped by Frederik Andersen with a rebound.
4:44 of 2nd period - Minor Penalty to Kyle Palmieri for Interference.
4:45 of 2nd period - Patrik Berglund wins face-off versus Sean Couturier in Flames zone.
4:50 of 2nd period - Minor Penalty to Kyle Okposo for Hooking.
4:51 of 2nd period - Matt Read wins face-off versus Eric Staal in Rangers zone.
5:46 of 2nd period - Colin Wilson is hit by Matt Greene and loses puck.
6:37 of 2nd period - Steve Quailer is hit by Colin Wilson and loses puck.
6:44 of 2nd period - Penalty to Kyle Palmieri is over, Kyle Palmieri is back on ice.
6:50 of 2nd period - Penalty to Kyle Okposo is over, Kyle Okposo is back on ice.
6:52 of 2nd period - Milan Lucic is hit by Sami Vatanen and loses puck.
8:10 of 2nd period - Maxime Sauvé is hit by Kyle Palmieri and loses puck.
8:29 of 2nd period - Wrist shot by Chris Bourque.
8:29 of 2nd period - Stopped by Pekka Rinne with a rebound.
10:04 of 2nd period - Sean Couturier is hit by Mikhail Grabovski and loses puck.
10:21 of 2nd period - Sean Couturier is hit by Steve Regier and loses puck.
10:35 of 2nd period - Mark Fistric is hit by Steve Regier and loses puck.
10:47 of 2nd period - Steve Regier is hit by James Neal and loses puck.
10:52 of 2nd period - Slapshot by Sean Couturier.
10:52 of 2nd period - Goal by Sean Couturier - Rangers : 2 - Flames : 1.
10:53 of 2nd period - Eric Staal wins face-off versus Patrice Bergeron in neutral zone.
11:06 of 2nd period - Slapshot by Eric Staal.
11:06 of 2nd period - Shot Misses the Net.
11:16 of 2nd period - Minor Penalty to Cam Barker for Roughing.
11:17 of 2nd period - Milan Lucic wins face-off versus Eric Staal in Rangers zone.
11:34 of 2nd period - Wrist shot by Patrice Bergeron.
11:34 of 2nd period - Shot Misses the Net.
11:44 of 2nd period - Milan Lucic is hit by Sami Vatanen.
12:00 of 2nd period - Matt Greene is hit by Patrik Berglund and loses puck.
12:41 of 2nd period - Eric Staal is hit by Steve Quailer and loses puck.
13:16 of 2nd period - Penalty to Cam Barker is over, Cam Barker is back on ice.
13:49 of 2nd period - Steve Regier is hit by Cam Barker and loses puck.
14:23 of 2nd period - Slapshot by Peter Prucha.
14:23 of 2nd period - Stopped by Frederik Andersen with a rebound.
14:37 of 2nd period - Snap shot by Peter Prucha.
14:37 of 2nd period - Shot Hit the Post.
14:39 of 2nd period - Slapshot by Erik Johnson.
14:39 of 2nd period - Stopped by Frederik Andersen without a rebound.
14:40 of 2nd period - Patrice Bergeron wins face-off versus Alexander Semin in Rangers zone.
14:45 of 2nd period - Slapshot by Alexander Radulov.
14:45 of 2nd period - Shot Blocked by Cam Barker.
14:47 of 2nd period - Wrist shot by Alexander Semin.
14:47 of 2nd period - Stopped by Frederik Andersen without a rebound.
14:48 of 2nd period - Eric Staal wins face-off versus Patrice Bergeron in Rangers zone.
14:49 of 2nd period - Snap shot by Alexander Radulov.
14:49 of 2nd period - Stopped by Frederik Andersen with a rebound.
14:51 of 2nd period - Slapshot by Steve Eminger.
14:51 of 2nd period - Stopped by Frederik Andersen with a rebound.
14:53 of 2nd period - Snap shot by Alexander Radulov.
14:53 of 2nd period - Goal by Alexander Radulov - Rangers : 2 - Flames : 2.
14:54 of 2nd period - Patrice Bergeron wins face-off versus Eric Staal in neutral zone.
15:28 of 2nd period - Slapshot by James Neal.
15:28 of 2nd period - Deflect By Sami Vatanen.
15:28 of 2nd period - Stopped by Pekka Rinne with a rebound.
15:33 of 2nd period - Sami Vatanen is hit by Matt Greene and loses puck.
15:46 of 2nd period - Snap shot by Peter Prucha.
15:46 of 2nd period - Shot Misses the Net.
15:48 of 2nd period - Snap shot by Colin Wilson.
15:48 of 2nd period - Stopped by Frederik Andersen with a rebound.
15:50 of 2nd period - Snap shot by Colin Wilson.
15:50 of 2nd period - Stopped by Frederik Andersen without a rebound.
15:51 of 2nd period - Milan Lucic wins face-off versus Eric Staal in Rangers zone.
16:06 of 2nd period - Wrist shot by Jakob Silfverberg.
16:06 of 2nd period - Stopped by Pekka Rinne without a rebound.
16:07 of 2nd period - Patrik Berglund wins face-off versus Sean Couturier in Flames zone.
16:18 of 2nd period - Slapshot by James Neal.
16:18 of 2nd period - Stopped by Pekka Rinne without a rebound.
16:19 of 2nd period - Patrice Bergeron wins face-off versus Eric Staal in Flames zone.
16:20 of 2nd period - Backhand shot by Milan Lucic.
16:20 of 2nd period - Stopped by Pekka Rinne without a rebound.
16:21 of 2nd period - Patrice Bergeron wins face-off versus Eric Staal in Flames zone.
16:24 of 2nd period - Snap shot by Milan Lucic.
16:24 of 2nd period - Deflect By Patrice Bergeron.
16:24 of 2nd period - Stopped by Pekka Rinne without a rebound.
16:25 of 2nd period - Eric Staal wins face-off versus Patrice Bergeron in Flames zone.
16:25 of 2nd period - Eric Staal is hit by Patrice Bergeron.
16:41 of 2nd period - Snap shot by Alexander Semin.
16:41 of 2nd period - Shot Blocked by Luke Schenn.
16:55 of 2nd period - Wrist shot by Patrik Berglund.
16:55 of 2nd period - Shot Blocked by Cam Barker.
16:57 of 2nd period - Wrist shot by Patrik Berglund.
16:57 of 2nd period - Deflect By David Backes.
16:57 of 2nd period - Shot Blocked by Luke Schenn.
16:57 of 2nd period - Puck is out of play.
16:58 of 2nd period - David Backes wins face-off versus Sean Couturier in Rangers zone.
17:01 of 2nd period - Snap shot by David Backes.
17:01 of 2nd period - Shot Blocked by Mark Fistric.
17:03 of 2nd period - Minor Penalty to Sean Couturier for Hooking.
17:04 of 2nd period - Milan Lucic wins face-off versus Eric Staal in Rangers zone.
17:11 of 2nd period - Minor Penalty to Alexander Semin for Hooking.
17:12 of 2nd period - Milan Lucic wins face-off versus Eric Staal in Flames zone.
17:17 of 2nd period - Wrist shot by Patrice Bergeron.
17:17 of 2nd period - Shot Misses the Net.
17:39 of 2nd period - Patrice Bergeron is hit by Eric Staal.
18:03 of 2nd period - Icing by David Ullstrom.
18:04 of 2nd period - David Ullstrom wins face-off versus Milan Lucic in Flames zone.
18:36 of 2nd period - Snap shot by Jakob Silfverberg.
18:36 of 2nd period - Stopped by Pekka Rinne with a rebound.
18:53 of 2nd period - Milan Lucic is hit by Derek Meech and loses puck.
19:03 of 2nd period - Penalty to Sean Couturier is over, Sean Couturier is back on ice.
19:08 of 2nd period - Jakob Silfverberg is hit by Sami Vatanen and loses puck.
19:11 of 2nd period - Penalty to Alexander Semin is over, Alexander Semin is back on ice.
19:25 of 2nd period - Slapshot by Jakob Silfverberg.
19:25 of 2nd period - Shot Misses the Net.
19:27 of 2nd period - Snap shot by Sean Couturier.
19:27 of 2nd period - Goal by Sean Couturier - Rangers : 3 - Flames : 2.
19:28 of 2nd period - Patrice Bergeron wins face-off versus Eric Staal in neutral zone.
19:31 of 2nd period - Wrist shot by Jakob Silfverberg.
19:31 of 2nd period - Stopped by Pekka Rinne without a rebound.
19:32 of 2nd period - Patrice Bergeron wins face-off versus Eric Staal in Flames zone.
19:41 of 2nd period - Slapshot by Jakob Silfverberg.
19:41 of 2nd period - Shot Misses the Net.
19:43 of 2nd period - Snap shot by Mark Fistric.
19:43 of 2nd period - Deflect By Jakob Silfverberg.
19:43 of 2nd period - Shot Misses the Net.
19:43 of 2nd period - Puck is out of play.
19:44 of 2nd period - Patrice Bergeron wins face-off versus Eric Staal in Flames zone.
Goals for this period are 2 for Rangers vs 1 for Flames.
Shots for this period are 14 for Rangers vs 15 for Flames.

3rd period


0:01 of 3rd period - Eric Staal wins face-off versus Patrice Bergeron in neutral zone.
0:54 of 3rd period - Tomas Hertl is hit by Peter Prucha and loses puck.
1:09 of 3rd period - Slapshot by Steve Quailer.
1:09 of 3rd period - Stopped by Pekka Rinne with a rebound.
1:17 of 3rd period - Snap shot by Eric Staal.
1:17 of 3rd period - Shot Blocked by Mark Fistric.
1:53 of 3rd period - Snap shot by Patrik Nemeth.
1:53 of 3rd period - Stopped by Pekka Rinne with a rebound.
2:14 of 3rd period - Icing by Eric Staal.
2:15 of 3rd period - Eric Staal wins face-off versus Patrice Bergeron in Flames zone.
2:32 of 3rd period - Steve Eminger is hit by Patrice Bergeron and loses puck.
2:48 of 3rd period - Minor Penalty to Colby Robak for Hooking.
2:49 of 3rd period - Mikhail Grabovski wins face-off versus Patrice Bergeron in Flames zone.
2:49 of 3rd period - Mikhail Grabovski is hit by Mark Fistric.
4:48 of 3rd period - Penalty to Colby Robak is over, Colby Robak is back on ice.
5:50 of 3rd period - Wrist shot by Kyle Palmieri.
5:50 of 3rd period - Stopped by Frederik Andersen without a rebound.
5:51 of 3rd period - Patrik Berglund wins face-off versus Patrice Bergeron in Rangers zone.
7:21 of 3rd period - Snap shot by Milan Lucic.
7:21 of 3rd period - Shot Misses the Net.
7:33 of 3rd period - Minor Penalty to Sean Couturier for Slashing.
7:34 of 3rd period - Milan Lucic wins face-off versus Alexander Radulov in Rangers zone.
7:46 of 3rd period - Slapshot by Patrice Bergeron.
7:46 of 3rd period - Goal by Patrice Bergeron - Rangers : 4 - Flames : 2.
7:47 of 3rd period - Eric Staal wins face-off versus Milan Lucic in neutral zone.
9:27 of 3rd period - Erik Johnson is hit by Chris Bourque and loses puck.
9:33 of 3rd period - Penalty to Sean Couturier is over, Sean Couturier is back on ice.
9:46 of 3rd period - Snap shot by Colin Wilson.
9:46 of 3rd period - Stopped by Frederik Andersen with a rebound.
10:35 of 3rd period - Wrist shot by Luke Schenn.
10:35 of 3rd period - Shot Blocked by Peter Prucha.
10:37 of 3rd period - Wrist shot by Steve Quailer.
10:37 of 3rd period - Shot Blocked by Steve Eminger.
10:39 of 3rd period - Snap shot by Cam Barker.
10:39 of 3rd period - Stopped by Pekka Rinne with a rebound.
10:41 of 3rd period - Slapshot by Maxime Sauvé.
10:41 of 3rd period - Stopped by Pekka Rinne with a rebound.
10:45 of 3rd period - Snap shot by Magnus Paajarvi-Svensson.
10:45 of 3rd period - Shot Blocked by Steve Eminger.
11:23 of 3rd period - Snap shot by Brad Marchand.
11:23 of 3rd period - Shot Misses the Net.
12:19 of 3rd period - Mark Fistric is hit by Patrik Berglund and loses puck.
12:28 of 3rd period - James Neal is hit by David Backes and loses puck.
13:00 of 3rd period - Patrik Nemeth is hit by Alexander Radulov and loses puck.
13:21 of 3rd period - Snap shot by Kyle Palmieri.
13:21 of 3rd period - Shot Blocked by Patrik Nemeth.
13:23 of 3rd period - Slapshot by Derek Meech.
13:23 of 3rd period - Deflect By Steve Quailer.
13:23 of 3rd period - Stopped by Frederik Andersen with a rebound.
13:25 of 3rd period - Slapshot by Kyle Palmieri.
13:25 of 3rd period - Deflect By David Ullstrom.
13:25 of 3rd period - Shot Blocked by Magnus Paajarvi-Svensson.
13:25 of 3rd period - Puck is out of play.
13:26 of 3rd period - Patrice Bergeron wins face-off versus Alexander Radulov in Rangers zone.
13:52 of 3rd period - Steve Quailer is hit by Steve Eminger and loses puck.
14:33 of 3rd period - Mark Fistric is hit by Mikhail Grabovski and loses puck.
14:46 of 3rd period - Wrist shot by Tomas Hertl.
14:46 of 3rd period - Stopped by Pekka Rinne without a rebound.
14:47 of 3rd period - Eric Staal wins face-off versus Tomas Hertl in Flames zone.
14:53 of 3rd period - Minor Penalty to Colby Robak for Interference.
14:54 of 3rd period - Patrice Bergeron wins face-off versus Mikhail Grabovski in Flames zone.
14:56 of 3rd period - Snap shot by Jakob Silfverberg.
14:56 of 3rd period - Goal by Jakob Silfverberg - Rangers : 5 - Flames : 2.
14:57 of 3rd period - Patrice Bergeron wins face-off versus Eric Staal in neutral zone.
15:16 of 3rd period - Icing by Alexander Semin.
15:17 of 3rd period - Sean Couturier wins face-off versus Eric Staal in Flames zone.
15:55 of 3rd period - Off-side.
15:56 of 3rd period - Colin Wilson wins face-off versus Sean Couturier in neutral zone.
15:59 of 3rd period - Cam Barker is hit by Steve Regier and loses puck.
16:30 of 3rd period - Snap shot by Cam Barker.
16:30 of 3rd period - Stopped by Pekka Rinne with a rebound.
17:07 of 3rd period - Mark Fistric is hit by Kyle Palmieri and loses puck.
17:28 of 3rd period - Slapshot by Erik Johnson.
17:28 of 3rd period - Stopped by Frederik Andersen without a rebound.
17:29 of 3rd period - Eric Staal wins face-off versus Patrice Bergeron in Rangers zone.
17:34 of 3rd period - Snap shot by Eric Staal.
17:34 of 3rd period - Goal by Eric Staal - Rangers : 5 - Flames : 3.
17:35 of 3rd period - Colin Wilson wins face-off versus Tomas Hertl in neutral zone.
17:48 of 3rd period - Snap shot by Peter Prucha.
17:48 of 3rd period - Shot Misses the Net.
18:02 of 3rd period - Luke Schenn is hit by Eric Staal and loses puck.
18:29 of 3rd period - Slapshot by James Neal.
18:29 of 3rd period - Stopped by Pekka Rinne without a rebound.
18:30 of 3rd period - Colin Wilson wins face-off versus Tomas Hertl in Flames zone.
18:45 of 3rd period - Wrist shot by Steve Regier.
18:45 of 3rd period - Deflect By Peter Prucha.
18:45 of 3rd period - Stopped by Frederik Andersen without a rebound.
18:46 of 3rd period - Eric Staal wins face-off versus Jakob Silfverberg in Rangers zone.
Goals for this period are 2 for Rangers vs 1 for Flames.
Shots for this period are 9 for Rangers vs 6 for Flames.